 Dungeon Crawl Stone Soup version 0.29.0-11-gd7f09526c8 (webtiles) character file.

Game seed: 9917532384696450965

353 leavemydog the Magician (level 6, -11/32 HPs)
             Began as a Deep Elf Air Elementalist on Sept 6, 2022.
             Shot with an arrow by a centaur (13 damage)
             ... on level 4 of the Dungeon.
             The game lasted 00:06:05 (4527 turns).

leavemydog the Magician (Deep Elf Air Elementalist) Turns: 4527, Time: 00:06:06

Health: -11/32     AC:  2    Str:  5    XL:     6   Next: 35%
Magic:  14/17      EV: 13    Int: 22    God:
Gold:   128        SH:  0    Dex: 21    Spells: 10/17 levels left

rFire   . . .      SeeInvis .   d - +0 whip (elec)
rCold   . . .      Faith    .   (no shield)
rNeg    . . .      Spirit   .   a - +0 robe
rPois   .          Reflect  .   (no helmet)
rElec   .          Harm     .   (no cloak)
rCorr   .          Rampage  .   (no gloves)
Will    .....                   (no boots)
Stlth   ++........              (no amulet)
HPRegen 0.10/turn               n - +6 ring of dexterity
MPRegen 0.15/turn               (no ring)

@: hasted, very quick
A: no striking features
a: no special abilities


You were on level 4 of the Dungeon.
You visited 1 branch of the dungeon, and saw 4 of its levels.

You collected 128 gold pieces.

Inventory:

Hand Weapons
 d - a +0 whip of electrocution (weapon)
Armour
 a - a +0 robe (worn)
Jewellery
 n - a +6 ring of dexterity (left hand)
Wands
 q - a wand of paralysis (8)
Scrolls
 f - a scroll of torment {unknown}
 g - 2 scrolls of noise {unknown}
 h - 2 scrolls of magic mapping {unknown}
 i - a scroll of brand weapon {unknown}
 j - 2 scrolls of blinking {unknown}
 k - a scroll of vulnerability {unknown}
 l - 2 scrolls of identify {unknown}
 p - a scroll of teleportation {unknown}
Potions
 b - a potion of magic
 c - a potion of haste
 e - 2 potions of flight {unknown}
 m - a potion of heal wounds {unknown}
 o - 2 potions of curing {unknown}


   Skills:
 - Level 2.4 Dodging
 - Level 2.4 Stealth
 + Level 6.0 Spellcasting
 + Level 3.7 Conjurations
 + Level 4.8 Air Magic


You had 10 spell levels left.
You knew the following spells:

 Your Spells              Type           Power      Damage    Failure   Level
a - Shock                 Conj/Air       100%       1d9       1%          1
b - Static Discharge      Conj/Air       25%        3-7/arc   2%          2
c - Airstrike             Air            14%        2d(2-18)  12%         4

Your spell library contained the following spells:

 Spells                   Type           Power      Damage    Failure   Level
 Swiftness                Air            28%        N/A       3%          3
 Beastly Appendage        Tmut           12%        N/A       9%          1
 Wereblood                Tmut           6%         N/A       14%         2
 Spider Form              Tmut/Pois      6%         N/A       26%         3
 Petrify                  Tmut/Erth      6%         N/A       65%         4
 Metabolic Englaciation   Hex/Ice        3%         N/A       94%         5
 Statue Form              Tmut/Erth      4%         N/A       100%        6


Dungeon Overview and Level Annotations

Branches:
Dungeon (4/15)
 Temple: D:4-7

Altars:


Message History

The zap misses the hound.
The zap misses the hound.
The zap misses the hound.
The zap hits the hound.
The hound is lightly wounded.
Casting: Shock (safe; 1% risk of failure)
Confirm with . or Enter, or press ? or * to list all spells.
The hound is struck by an arc of lightning.
The hound is heavily wounded.
You are struck by an arc of lightning.
The hound is struck by an arc of lightning!
You kill the hound!
You are struck by an arc of lightning.
The lightning grounds out.
Your Spellcasting skill increases to level 6!
HP restored.
Found 2 poisoned darts.
Found a stone staircase leading up.
Found a spear.
You see here 2 poisoned darts.
There is a stone staircase leading up here.
A ball python comes into view.
The zap hits the ball python!
You kill the ball python!
You see here a ball python corpse.
Found a stone staircase leading down.
A centaur is nearby!
The zap hits the centaur!
The centaur is moderately wounded.
The centaur shouts!
The centaur shoots an arrow.
The arrow misses you.
The centaur shoots an arrow.
The arrow hits you!
The zap hits the centaur.
The centaur is heavily wounded.
The centaur shoots an arrow.
The arrow hits you!
The zap misses the centaur.
The centaur shoots an arrow.
The arrow hits you.
The centaur shoots an arrow.
The arrow hits you!
* * * LOW HITPOINT WARNING * * *
It was a potion of haste.
You feel yourself speed up.
The centaur shoots an arrow.
The arrow hits you!
You die...

#### ##.)...##..
#.^### #..<.####.
##...#### ##..##
## ####...###
##..#
###...########..##
####.........##
#.........##
#....####.†#######
#@...# ##........#
#....###..........
#....#.....#####..
#.........##
#.........#
#........##
#........#
#...c...##
#...#..##


You could see a centaur.

Vanquished Creatures
  A black bear (D:4)
  A scorpion (D:4)
  A hound (D:4)
  An iguana (D:4)
  Robin (D:3)
  4 adders
  A worm (D:3)
  4 dart slugs
  8 endoplasms
  A giant cockroach (D:1)
  15 goblins
  8 hobgoblins
  12 jackals
  3 quokkas
  7 ball pythons
  11 bats
  3 frilled lizards
  3 kobolds
  2 rats
87 creatures vanquished.

Notes
Turn   | Place    | Note
-------+----------+-------------------------------------------
     0 | D:1      | leavemydog the Deep Elf Air Elementalist began the quest
                  | for the Orb.
     0 | D:1      | Reached XP level 1. HP: 10/10 MP: 6/6
   367 | D:1      | Reached XP level 2. HP: 15/15 MP: 0/8
   375 | D:1      | Learned a level 2 spell: Static Discharge
   943 | D:1      | Reached XP level 3. HP: 16/19 MP: 3/10
  1000 | D:1      | Found a faded altar of an unknown god.
  1811 | D:2      | Reached skill level 4 in Spellcasting
  2234 | D:2      | Reached XP level 4. HP: 24/24 MP: 9/12
  2344 | D:2      | Learned a level 4 spell: Airstrike
  2965 | D:3      | Noticed Robin
  2977 | D:3      | Killed Robin
  3688 | D:4      | Noticed a centaur
  4047 | D:4      | Reached skill level 5 in Spellcasting
  4047 | D:4      | Reached XP level 5. HP: 26/28 MP: 5/14
  4269 | D:4      | Noticed a black bear
  4277 | D:4      | Killed a black bear
  4279 | D:4      | Reached XP level 6. HP: 32/32 MP: 4/16
  4404 | D:4      | Reached skill level 6 in Spellcasting
  4527 | D:4      | Shot with an arrow by a centaur

Illustrated notes

Levels and vault maps discovered:
D:1:      saegor_arrival_simple_d, layout_loops_corners,
          hellmonk_ecumenical_altar_defaced_shrine, hex_medium,
          chequers_mini_garden
D:2:      layout_basic, supply_closet_lemuel
D:3:      layout_basic, uniq_robin
D:4:      layout_cave_pods, ebering_ghost_reflecting_pool,
          uniq_crazy_yiuf_cottage

Skill      XL: |  1  2  3  4  5  6 |
---------------+-------------------+-----
Spellcasting   | 4 5 6 |  6.0
Conjurations   | 2 3 |  3.7
Air Magic      | 4 |  4.8
Dodging        | |  2.4
Stealth        | |  2.4

Action                   |  1- 3 |  4- 6 || total
-------------------------+-------+-------++-------
Melee: Whip              |     1 |     8 ||     9
 Cast: Shock             |    92 |    91 ||   183
       Static Discharge  |       |     3 ||     3
  Use: Potion            |       |     1 ||     1
Armor: Robe              |     8 |     6 ||    14
Dodge: Dodged            |    21 |     8 ||    29
